NWL (28 & UNDER)
CULVER CITY EXTRAS @ RIVERSIDE RED BULLS
09/02/2023
 
TOP OF THE 1ST
Culver City Extras batting - Pitching for Riverside Red Bulls : RHP Derrick Baird
Pitching: RHP Derrick Baird
Batting: LHB Richard Bell 0-0: Ball
1-0: Called Strike
1-1: Ground out U3 (Groundball, 3S)
Batting: RHB Sergio Pujols 0-0: Swinging Strike
0-1: Called Strike
0-2: Ball
1-2: Foul Ball, location: 2F
1-2: Strikes out swinging
Batting: LHB Jason Lambert 0-0: Called Strike
0-1: Called Strike
0-2: Ball
1-2: Ball
2-2: Fly out, F8 (Flyball, 8LM)
Top of the 1st over - 0 run(s), 0 hit(s), 0 error(s), 0 left on base; Culver City 0 - Riverside 0
BOTTOM OF THE 1ST
Riverside Red Bulls batting - Pitching for Culver City Extras : RHP Javier Toledo
Pitching: RHP Javier Toledo
Batting: RHB Joe Scott 0-0: Ball
1-0: Foul Ball, location: 2F
1-1: Foul Ball, location: 2F
1-2: Fly out, F1 (Line Drive, 15S)
Batting: SHB Lee Townsend 0-0: Called Strike
0-1: SINGLE (Groundball, 34D)
Batting: RHB Soshu Nakamura 0-0: Ball
1-0: Swinging Strike
1-1: Foul Ball, location: 2F
1-2: Strikes out swinging
Batting: RHB José Zúńiga 0-0: Ball
1-0: Ball
2-0: Foul Ball, location: 2F
2-1: Fly out, F5 (Popup, 25F)
Bottom of the 1st over - 0 run(s), 1 hit(s), 0 error(s), 1 left on base; Culver City 0 - Riverside 0
TOP OF THE 2ND
Culver City Extras batting - Pitching for Riverside Red Bulls : RHP Derrick Baird
Batting: RHB Bill Little 0-0: Ball
1-0: Ball
2-0: Ball
3-0: Called Strike
3-1: Base on Balls
Batting: RHB Cooper Richard 0-0: Foul Ball, location: 2F
0-1: Swinging Strike
0-2: Ball
1-2: Fly out, F4 (Popup, 4)
Batting: LHB Stan Bates 0-0: Swinging Strike
0-1: Ball
1-1: Foul Ball, location: 2F
1-2: Ball
2-2: Ball
3-2: Base on Balls
Bill Little to second
Batting: RHB Jesús Gonzáles 0-0: TRIPLE (Line Drive, 89M)
Bill Little scores
Stan Bates scores
Batting: RHB Cal Rogers 0-0: Swinging Strike
0-1: SINGLE (Groundball, 4MD)
Jesús Gonzáles scores
Batting: RHB Salvador Medine 0-0: Foul Ball, location: 2F
0-1: Ball
1-1: Ball
2-1: Fly out, F8 (Flyball, 8RS)
Batting: LHB Richard Bell 0-0: Ball
1-0: Fly out, F7 (Flyball, 7M)
Top of the 2nd over - 3 run(s), 2 hit(s), 0 error(s), 1 left on base; Culver City 3 - Riverside 0
BOTTOM OF THE 2ND
Riverside Red Bulls batting - Pitching for Culver City Extras : RHP Javier Toledo
Batting: RHB Júlio García 0-0: Called Strike
0-1: Ball
1-1: Foul Ball, location: 2F
1-2: Ball
2-2: SINGLE (Groundball, 4MD)
Batting: RHB Kyle Bacon 0-0: Ball
1-0: Ball
2-0: Ball
3-0: Called Strike
3-1: Called Strike
3-2: Fly out, F4 (Line Drive, 4M)
Batting: RHB Jesús Naút 0-0: Called Strike
0-1: Ball
1-1: Foul Ball, location: 2F
1-2: Strikes out swinging
Batting: RHB Chris Osborn 0-0: Ball
1-0: Ground out 4-3 (Groundball, 4)
Bottom of the 2nd over - 0 run(s), 1 hit(s), 0 error(s), 1 left on base; Culver City 3 - Riverside 0
TOP OF THE 3RD
Culver City Extras batting - Pitching for Riverside Red Bulls : RHP Derrick Baird
Batting: RHB Sergio Pujols 0-0: Ball
1-0: Ball
2-0: Ground out 6-3 (Groundball, 6)
Batting: LHB Jason Lambert 0-0: Ball
1-0: Ball
2-0: Called Strike
2-1: Foul Ball, location: 2F
2-2: Strikes out swinging
Batting: RHB Bill Little 0-0: Ball
1-0: Foul Ball, location: 2F
1-1: Foul Ball, location: 2F
1-2: Ball
2-2: Strikes out swinging
Top of the 3rd over - 0 run(s), 0 hit(s), 0 error(s), 0 left on base; Culver City 3 - Riverside 0
BOTTOM OF THE 3RD
Riverside Red Bulls batting - Pitching for Culver City Extras : RHP Javier Toledo
Batting: SHB Chun-yeong Kim 0-0: Called Strike
0-1: Ball
1-1: Ball
2-1: Foul Ball, location: 2F
2-2: Foul Ball, location: 2F
2-2: Strikes out swinging
Batting: RHB Joe Scott 0-0: Called Strike
0-1: Ball
1-1: Foul Ball, location: 2F
1-2: Foul Ball, location: 2F
1-2: Fly out, F8 (Line Drive, 8RM)
Batting: SHB Lee Townsend 0-0: Called Strike
0-1: Foul Ball, location: 2F
0-2: Ball
1-2: Ball
2-2: Foul Ball, location: 2F
2-2: Ball
3-2: Foul Ball, location: 2F
3-2: Foul Ball, location: 2F
3-2: Ground out 4-3 (Groundball, 4)
Bottom of the 3rd over - 0 run(s), 0 hit(s), 0 error(s), 0 left on base; Culver City 3 - Riverside 0
TOP OF THE 4TH
Culver City Extras batting - Pitching for Riverside Red Bulls : RHP Derrick Baird
Batting: RHB Cooper Richard 0-0: Ball
1-0: Called Strike
1-1: Ball
2-1: Called Strike
2-2: Ball
3-2: Strikes out swinging
Batting: LHB Stan Bates 0-0: Called Strike
0-1: Called Strike
0-2: Ball
1-2: Foul Ball, location: 2F
1-2: Ball
2-2: Ball
3-2: Strikes out swinging
Batting: RHB Jesús Gonzáles 0-0: Ball
1-0: Foul Ball, location: 2F
1-1: Ground out 5-3 (Groundball, 56)
Top of the 4th over - 0 run(s), 0 hit(s), 0 error(s), 0 left on base; Culver City 3 - Riverside 0
BOTTOM OF THE 4TH
Riverside Red Bulls batting - Pitching for Culver City Extras : RHP Javier Toledo
Batting: RHB Soshu Nakamura 0-0: Ball
1-0: Ground out 6-3 (Groundball, 6M)
Batting: RHB José Zúńiga 0-0: Ball
1-0: Ball
2-0: Called Strike
2-1: Ball
3-1: Called Strike
3-2: Strikes out swinging
Batting: RHB Júlio García 0-0: Ball
1-0: Ball
2-0: Foul Ball, location: 2F
2-1: Foul Ball, location: 2F
2-2: Foul Ball, location: 2F
2-2: Ball
3-2: Base on Balls
Batting: RHB Kyle Bacon 0-0: Ball
1-0: Called Strike
1-1: Ball
2-1: SINGLE (Groundball, 56D)
Júlio García to second
Batting: RHB Jesús Naút 0-0: Foul Ball, location: 2F
0-1: Ball
1-1: Foul Ball, location: 2F
1-2: Ball
2-2: Ball
3-2: Fly out, F9 (Flyball, 9M)
Bottom of the 4th over - 0 run(s), 1 hit(s), 0 error(s), 2 left on base; Culver City 3 - Riverside 0
TOP OF THE 5TH
Culver City Extras batting - Pitching for Riverside Red Bulls : RHP Derrick Baird
Batting: RHB Cal Rogers 0-0: Swinging Strike
0-1: Foul Ball, location: 2F
0-2: Ball
1-2: Strikes out swinging
Batting: RHB Salvador Medine 0-0: Called Strike
0-1: Ball
1-1: Fly out, F9 (Flyball, 89M)
Batting: LHB Richard Bell 0-0: Foul Ball, location: 2F
0-1: Ball
1-1: Foul Ball, location: 2F
1-2: Ball
2-2: Foul Ball, location: 2F
2-2: Foul Ball, location: 2F
2-2: Strikes out swinging
Top of the 5th over - 0 run(s), 0 hit(s), 0 error(s), 0 left on base; Culver City 3 - Riverside 0
BOTTOM OF THE 5TH
Riverside Red Bulls batting - Pitching for Culver City Extras : RHP Javier Toledo
Batting: RHB Chris Osborn 0-0: Called Strike
0-1: Foul Ball, location: 2F
0-2: Ball
1-2: Ground out 4-3 (Groundball, 4M)
Batting: SHB Chun-yeong Kim 0-0: Ball
1-0: Called Strike
1-1: Ball
2-1: Fly out, F9 (Flyball, 9M)
Batting: RHB Joe Scott 0-0: Called Strike
0-1: Ball
1-1: Ground out 6-3 (Groundball, 6M)
Bottom of the 5th over - 0 run(s), 0 hit(s), 0 error(s), 0 left on base; Culver City 3 - Riverside 0
TOP OF THE 6TH
Culver City Extras batting - Pitching for Riverside Red Bulls : RHP Derrick Baird
Batting: RHB Sergio Pujols 0-0: Ball
1-0: Foul Ball, location: 2F
1-1: Called Strike
1-2: Foul Ball, location: 2F
1-2: Ground out 6-3 (Groundball, 6)
Pitching: RHP Alberto Gutiérrez
Batting: LHB Jason Lambert 0-0: Called Strike
0-1: Ball
1-1: Foul Ball, location: 2F
1-2: Strikes out swinging
Batting: RHB Bill Little 0-0: Ball
1-0: Ball
2-0: Called Strike
2-1: Swinging Strike
2-2: Ball
3-2: Foul Ball, location: 2F
3-2: Strikes out swinging
Top of the 6th over - 0 run(s), 0 hit(s), 0 error(s), 0 left on base; Culver City 3 - Riverside 0
BOTTOM OF THE 6TH
Riverside Red Bulls batting - Pitching for Culver City Extras : RHP Javier Toledo
Batting: SHB Lee Townsend 0-0: Ball
1-0: Ball
2-0: Called Strike
2-1: Foul Ball, location: 2F
2-2: Strikes out swinging
Batting: RHB Soshu Nakamura 0-0: Swinging Strike
0-1: Ball
1-1: Called Strike
1-2: Ball
2-2: Foul Ball, location: 2F
2-2: Ball
3-2: Foul Ball, location: 2F
3-2: Base on Balls
Pitching: RHP Jeffrey Campbell
Batting: RHB José Zúńiga 0-0: Called Strike
0-1: Ball
1-1: Ball
2-1: Reached on error, E4 (Groundball, 4)
Soshu Nakamura to second
Batting: RHB Júlio García 0-0: Called Strike
Soshu Nakamura is caught stealing 3rd base
José Zúńiga to second
0-1: Ball
1-1: Foul Ball, location: 2F
1-2: Foul Ball, location: 2F
1-2: DOUBLE (Line Drive, 9LM)
José Zúńiga scores
Batting: RHB Kyle Bacon 0-0: Swinging Strike
0-1: Called Strike
0-2: Strikes out swinging
Bottom of the 6th over - 1 run(s), 1 hit(s), 1 error(s), 1 left on base; Culver City 3 - Riverside 1
TOP OF THE 7TH
Culver City Extras batting - Pitching for Riverside Red Bulls : RHP Alberto Gutiérrez
Batting: RHB Cooper Richard 0-0: Foul Ball, location: 2F
0-1: Swinging Strike
0-2: Ball
1-2: Ball
2-2: Strikes out looking
Batting: LHB Stan Bates 0-0: Ball
1-0: Called Strike
1-1: Called Strike
1-2: Strikes out swinging
Batting: RHB Jesús Gonzáles 0-0: Called Strike
0-1: Called Strike
0-2: Foul Ball, location: 2F
0-2: SOLO HOME RUN (Flyball, 8RXD), Distance : 428 ft
Batting: RHB Cal Rogers 0-0: Called Strike
0-1: Called Strike
0-2: Ball
1-2: Ball
2-2: Strikes out swinging
Top of the 7th over - 1 run(s), 1 hit(s), 0 error(s), 0 left on base; Culver City 4 - Riverside 1
BOTTOM OF THE 7TH
Riverside Red Bulls batting - Pitching for Culver City Extras : RHP Jeffrey Campbell
Batting: RHB Jesús Naút 0-0: Ball
1-0: Called Strike
1-1: Ball
2-1: Ball
3-1: Swinging Strike
3-2: Fly out, F8 (Flyball, 8LM)
Batting: RHB Chris Osborn 0-0: Ball
1-0: Ball
2-0: Foul Ball, location: 2F
2-1: Foul Ball, location: 2F
2-2: Ground out 1-3 (Groundball, 25)
Batting: SHB Chun-yeong Kim 0-0: Ball
1-0: Ball
2-0: Called Strike
2-1: Foul Ball, location: 2F
2-2: SINGLE (Flyball, 7S)
Pitching: RHP Jesse Jones
Batting: RHB Joe Scott 0-0: Called Strike
0-1: Ball
1-1: Called Strike
1-2: Strikes out looking
Bottom of the 7th over - 0 run(s), 1 hit(s), 0 error(s), 1 left on base; Culver City 4 - Riverside 1
TOP OF THE 8TH
Culver City Extras batting - Pitching for Riverside Red Bulls : RHP Alberto Gutiérrez
Batting: RHB Salvador Medine 0-0: Called Strike
0-1: Ball
1-1: Ground out 4-3 (Groundball, 4)
Pitching: LHP Stu Creichton
Batting: LHB Richard Bell 0-0: Called Strike
0-1: Called Strike
0-2: Foul Ball, location: 2F
0-2: Strikes out swinging
Batting: RHB Sergio Pujols 0-0: Called Strike
0-1: Ball
1-1: Ball
2-1: Ball
3-1: Fly out, F8 (Line Drive, 8RXD)
Top of the 8th over - 0 run(s), 0 hit(s), 0 error(s), 0 left on base; Culver City 4 - Riverside 1
BOTTOM OF THE 8TH
Riverside Red Bulls batting - Pitching for Culver City Extras : RHP Jesse Jones
Now at SS: Francisco Rodríguez
Batting: SHB Lee Townsend 0-0: Swinging Strike
0-1: Swinging Strike
0-2: Foul Ball, location: 2F
0-2: TRIPLE (Flyball, 78XD)
Batting: RHB Soshu Nakamura 0-0: Ball
1-0: Ball
2-0: Foul Ball, location: 2F
2-1: Ball
3-1: Swinging Strike
3-2: Foul Ball, location: 2F
3-2: Foul Ball, location: 2F
3-2: Foul Ball, location: 2F
3-2: Foul Ball, location: 2F
3-2: Strikes out swinging
Batting: RHB José Zúńiga 0-0: Called Strike
0-1: Ball
1-1: Ball
2-1: Ground out 3-1 (Groundball, 34)
Lee Townsend scores
Batting: RHB Júlio García 0-0: Swinging Strike
0-1: Called Strike
0-2: Strikes out swinging
Bottom of the 8th over - 1 run(s), 1 hit(s), 0 error(s), 0 left on base; Culver City 4 - Riverside 2
TOP OF THE 9TH
Culver City Extras batting - Pitching for Riverside Red Bulls : LHP Stu Creichton
Batting: LHB Jason Lambert 0-0: Called Strike
0-1: Ball
1-1: Swinging Strike
1-2: Foul Ball, location: 2F
1-2: Ball
2-2: Ball
3-2: SINGLE (Line Drive, 6MD)
Batting: RHB Bill Little 0-0: Swinging Strike
0-1: Called Strike
0-2: Strikes out swinging
Batting: RHB Cooper Richard 0-0: Called Strike
0-1: Ball
1-1: Ball
2-1: Called Strike
2-2: Strikes out looking
Batting: LHB Stan Bates 0-0: Ground out 3-1 (Groundball, 34)
Top of the 9th over - 0 run(s), 1 hit(s), 0 error(s), 1 left on base; Culver City 4 - Riverside 2
BOTTOM OF THE 9TH
Riverside Red Bulls batting - Pitching for Culver City Extras : RHP Jesse Jones
Pitching: LHP Artie Nelson
Now at 1B: Larry Howard
Now in CF: Nick English
Batting: RHB Kyle Bacon 0-0: Ball
1-0: Ground out 6-3 (Groundball, 6M)
Batting: RHB Jesús Naút 0-0: Ball
1-0: Ball
2-0: Called Strike
2-1: Ball
3-1: Base on Balls
Batting: RHB Chris Osborn 0-0: Ball
1-0: Ball
2-0: Ball
3-0: Called Strike
3-1: Foul Ball, location: 2F
3-2: Base on Balls
Jesús Naút to second
Pinch Hitting: RHB Reginaldo Jaconelli 0-0: Called Strike
0-1: Foul Ball, location: 2F
0-2: Ball
1-2: Strikes out swinging
Pinch Hitting: RHB Earnest Finnegan 0-0: Called Strike
0-1: Foul Ball, location: 2F
0-2: Ball
1-2: Ground out 1-3 (Groundball, 23)
Bottom of the 9th over - 0 run(s), 0 hit(s), 0 error(s), 2 left on base; Culver City 4 - Riverside 2
This league is powered by Out of the Park Baseball, the baseball management simulation game for PC, Mac and Linux
Wednesday, December 2nd, 2015 - OOTP Baseball 16.8 Build 38